 Dungeon Crawl Stone Soup version 0.30-a0-571-gdf30a72648 (webtiles) character file.

Game seed: 15943122370531709876

96205 Twinkles the Brawler (level 15, -3/157 HPs)
             Began as a Troll Gladiator on Dec 29, 2022.
             Was the Champion of Fedhas.
             Slain by a naga warrior
             ... wielding a +0 hand axe
              (21 damage)
             ... on level 2 of the Snake Pit.
             The game lasted 01:33:37 (22774 turns).

Twinkles the Brawler (Troll Gladiator)             Turns: 22774, Time: 01:33:38

Health: -3/157     AC: 15    Str: 32    XL:     15   Next: 68%
Magic:  14/14      EV: 10    Int:  4    God:    Fedhas [******]
Gold:   2099       SH: 10    Dex: 11    Spells: 14/14 levels left

rFire   + + .      SeeInvis .      - Unarmed
rCold   . . .      Faith    .    n - +0 kite shield
rNeg    . . .      Spirit   .    v - +0 fire dragon scales
rPois   .          Reflect  .    H - +1 hat
rElec   .          Harm     .    (no cloak)
rCorr   .          Rampage  .    (gloves unavailable)
Will    +....                    (boots unavailable) Stlth
                                 K - amulet of regeneration
HPRegen 2.06/turn                W - ring of protection from cold
MPRegen 0.14/turn                s - +4 ring of protection

@: lethally poisoned (-3 -> -4), slowed, very slow
A: large, unfitting armour, claws 3, regeneration 1, shaggy fur 1, tough skin 1
a: Renounce Religion, Wall of Briars, Grow Ballistomycete, Overgrow, Grow Oklob


You were on level 2 of the Snake Pit.
You worshipped Fedhas.
Fedhas was exalted by your worship.
You visited 5 branches of the dungeon, and saw 24 of its levels.
You also visited: Bailey and Ice Cave.

You collected 2099 gold pieces.

Inventory:

Hand Weapons
 b - a +9 spectral giant spiked club
Missiles
 a - 7 curare-tipped darts
 c - 6 throwing nets
 g - 2 atropa-tipped darts
 i - 9 javelins
 k - 14 poisoned darts
 O - 7 boomerangs
 U - 15 large rocks (quivered)
Armour
 n - a +0 kite shield (worn)
 v - +0 fire dragon scales (worn)
 H - a +1 hat (worn)
 Q - a +0 troll leather armour
 T - an orb of wrath
Magical Staves
 z - a staff of air
Jewellery
 j - a ring of ice
 o - a ring of resist corrosion
 r - a +6 ring of strength
 s - a +4 ring of protection (right claw)
 t - a ring of positive energy
 w - a +4 ring of slaying
 x - a ring of poison resistance
 K - an amulet of regeneration (around neck)
 W - a ring of protection from cold (left claw)
Wands
 d - a wand of digging (12)
 h - a wand of quicksilver (21)
 p - a wand of paralysis (24)
 q - a wand of flame (16)
 u - a wand of roots (11)
Scrolls
 e - 2 scrolls of torment
 f - a scroll of noise
 y - 4 scrolls of enchant armour
 D - 5 scrolls of blinking
 E - 2 scrolls of fear
 F - 5 scrolls of fog
 S - 4 scrolls of summoning
 V - 2 scrolls of vulnerability
 X - 6 scrolls of magic mapping
 Y - 9 scrolls of teleportation
 Z - 2 scrolls of identify
Potions
 A - 5 potions of attraction
 B - 3 potions of brilliance
 C - 2 potions of cancellation
 G - 2 potions of ambrosia
 I - 3 potions of invisibility
 J - 9 potions of curing
 L - 6 potions of flight
 M - 3 potions of might
 N - 3 potions of heal wounds
 P - 4 potions of lignification
 R - 4 potions of resistance
Miscellaneous
 l - a condenser vane
 m - a phantom mirror


   Skills:
 + Level 12.2 Fighting
 + Level 10.1 Throwing
 + Level 1.3 Armour
 - Level 9.8 Dodging
 - Level 9.1 Shields
 + Level 17.2 Unarmed Combat


You had 14 spell levels left.
You didn't know any spells.
Your spell library contained the following spells:

 Spells                   Type           Power      Damage    Failure   Level
 Freeze                   Ice            0%         1d3       95%         1
 Magic Dart               Conj           0%         1d3       95%         1
 Shock                    Conj/Air       0%         1d3       95%         1
 Call Imp                 Summ           0%         N/A       98%         2
 Searing Ray              Conj           0%         2d4       98%         2
 Call Canine Familiar     Summ           0%         N/A       100%        3
 Frozen Ramparts          Ice            0%         1d1       100%        3
 Gell's Gravitas          Tloc           0%         N/A       100%        3
 Hailstorm                Conj/Ice       0%         3d3       100%        3
 Lesser Beckoning         Tloc           0%         N/A       100%        3
 Mephitic Cloud           Conj/Pois/Air  0%         N/A       100%        3
 Ozocubu's Armour         Ice            0%         N/A       100%        3
 Portal Projectile        Hex/Tloc       0%         N/A       100%        3
 Swiftness                Air            0%         N/A       100%        3
 Teleport Other           Tloc           0%         N/A       100%        3
 Airstrike                Air            0%         2d(0-16)  100%        4
 Animate Dead             Necr           0%         N/A       100%        4
 Fulminant Prism          Conj/Hex       0%         3d5       100%        4
 Ice Form                 Ice/Tmut       0%         N/A       100%        4
 Leda's Liquefaction      Hex/Erth       0%         N/A       100%        4
 Petrify                  Tmut/Erth      0%         N/A       100%        4
 Borgnjor's Vile Clutch   Necr/Erth      0%         N/A       100%        5
 Freezing Cloud           Conj/Ice/Air   0%         6-21      100%        5
 Metabolic Englaciation   Hex/Ice        0%         N/A       100%        5
 Death Channel            Necr           0%         N/A       100%        6
 Simulacrum               Ice/Necr       0%         N/A       100%        6
 Statue Form              Tmut/Erth      0%         N/A       100%        6
 Ozocubu's Refrigeration  Ice            0%         4d7       100%        7
 Polar Vortex             Ice            0%         N/A       100%        9


Dungeon Overview and Level Annotations

Branches:
Dungeon (15/15) Zot: 25717  Temple (1/1) D:5 Zot: 5767    Lair (5/5) D:10 Zot: 24243
  Swamp (0/4) Lair:3        Snake (2/4) Lair:3 Zot: 10757   Slime (1/5) Lair:5 Zot: 5998
    Orc (0/2) D:10         Vaults (0/5) D:14         Depths (0/4) D:15
 Bailey (visited)           IceCv (visited)

Altars:
Ashenzari
Cheibriados
Dithmenos
Elyvilon
Fedhas
Gozag
Hepliaklqana
Kikubaaqudgha
Makhleb
Nemelex Xobeh
Okawaru
Qazlal
Ru
Sif Muna
Trog
Uskayaw
Vehumet
Wu Jian
Xom
Zin
The Shining One

Shops:
D:1 !   Snake:1 [[(

Annotations:
D:3 3 runed translucent doors, brightshaft's ghost, weakling DgGl
D:9 3 runed translucent doors, Newt's ghost, journeyman DsGl; Taurus's ghost, novice MiFi; avis's ghost, novice DgHu; billz999's ghost, journeyman DjIE
Lair:4 3 runed translucent doors, xzight's ghost, journeyman DEFE


Innate Abilities, Weirdness & Mutations

You are too large for most types of armour.
You have claws for hands.
Your natural rate of healing is unusually fast.
You are covered in fur. (AC +1)
You have tough skin. (AC +1)


Message History

The guardian serpent casts a spell at you.
The bolt of poison misses you.
The guardian serpent coils itself and waves its upper body at you.
The bolt of poison hits you!
You are poisoned.
* * * LOW HITPOINT WARNING * * *
You mangle the guardian serpent!!
You kill the guardian serpent!
Fedhas appreciates your contribution to the ecosystem.
You feel very sick.
You claw the naga mage!
The naga mage is moderately wounded.
You feel very sick. The naga mage spits poison at you.
The splash of poison hits you.
You are more poisoned.
* * * LOW HITPOINT WARNING * * *
The naga mage gestures at the naga warrior while chanting.
The naga warrior seems to grow toxic.
You eviscerate the naga mage!!!
You kill the naga mage!
Fedhas appreciates your contribution to the ecosystem.
You feel very sick.
Found a lightning rod (4/4).
You feel very sick.
A naga mage comes into view. It is wielding a +0 whip.
You block the naga warrior's attack. The naga warrior grabs you.
The naga warrior constricts you.
* * * LOW HITPOINT WARNING * * *
The naga warrior hits you with a +0 hand axe.
* * * LOW HITPOINT WARNING * * *
The naga warrior constricts you.
* * * LOW HITPOINT WARNING * * *
The naga mage moves out of view.
Items here: ! ))))) ? [ ††.
You escape the naga warrior's grasp.
The naga warrior attacks as you move away!
The naga warrior hits you with a +0 hand axe!!
You die...
Fedhas appreciates your contribution to the ecosystem.

... .. ... ...#
.###.. #.. #.....
## ###. . #....
#.. ##.#.
..###..$.
##..#.##...#
#...(..#
.........#.. #..
#.....N# ....#
#.... #.#
#.....@###...#
##... #.#
.....###..)..#
#.... #.# }..
#)...## ##... #.#
. ##)..## ##.. #.#
##)..## #..## #.#
### #...## #..
#.###.#####.#.# ##
#.........)...#
###
######.###########
...


You could see a naga warrior (curare).

Vanquished Creatures
  An orc warlord (Bailey)
  A very ugly thing (D:15)
  A great orb of eyes (D:15)
  Erica (D:10)
  A rakshasa (D:15)
  6 hydras
  3 catoblepae (Lair:5)
  A death knight (D:15)
  An ice dragon (D:14)
  2 anacondas
  4 centaur warriors
  A two-headed ogre (D:12)
  5 death yaks (Lair:5)
  6 boulder beetles
  3 tengu warriors
  2 naga warriors
  A shock serpent (Snake:2)
  3 naga sharpshooters
  Lodul (D:14)
  4 sea snakes (Snake:2)
  A harpy (shapeshifter) (D:15)
  A deep elf archer (D:14)
  Pikel (D:6)
  2 deep elf pyromancers (D:13)
  9 ugly things
  4 cyclopes
  3 manticores
  A guardian serpent (shapeshifter) (D:14)
  5 naga magi
  Joseph (D:7)
  20 elephants
  18 black mambas
  A torpor snail (Lair:1)
  A guardian serpent (Snake:2)
  A gargoyle (D:11)
  2 ice statues (IceCv)
  6 cane toads
  Maggie (D:6)
  11 komodo dragons
  An unseen horror (D:12)
  A kobold demonologist (D:13)
  2 freezing wraiths
  An unseen horror (shapeshifter) (D:13)
  3 rime drakes
  A tengu conjurer (D:15)
  A queen bee (shapeshifter) (D:15)
  3 polar bears
  Grinder (D:3)
  3 meliai (D:14)
  8 trolls
  A hornet (D:10)
  A wolf spider simulacrum (D:14)
  Prince Ribbit (D:6)
  15 blink frogs
  3 tyrant leeches (Lair:3)
  9 slime creatures
  5 dream sheep (Lair:3)
  A culicivora (shapeshifter) (D:14)
  A shadow (D:10)
  A centaur simulacrum (D:15)
  A vampire (D:14)
  39 yaks
  6 wyverns
  3 basilisks
  6 wraiths
  2 steam dragons
  2 vampire mosquitoes (D:15)
  2 swamp worms (Lair:3)
  17 nagas
  16 water moccasins
  A sky beast (D:7)
  13 orc warriors
  12 black bears
  2 ice beasts
  A wolf (D:10)
  11 ogres
  4 centaurs
  A wolf (shapeshifter) (D:14)
  4 phantoms
  A lemure (D:6)
  4 scorpions
  2 necrophages
  9 bullfrogs
  2 gnoll sergeants
  10 wights
  An elephant simulacrum (IceCv)
  3 killer bees
  2 electric eels (Snake:2)
  10 howler monkeys
  3 jellies
  2 hounds (D:4)
  6 orc priests
  2 gnoll boudas
  4 iguanas
  6 hell rats (Lair:1)
  18 orc wizards
  A polar bear simulacrum (IceCv)
  A wolf simulacrum (IceCv)
  8 ogre zombies (D:10)
  Robin (D:3)
  20 gnolls
  10 adders
  A shadow imp (D:5)
  A white imp (D:8)
  2 worms (D:2)
  4 dart slugs
  42 orcs
  7 endoplasms
  3 giant cockroaches
  29 goblins
  11 hobgoblins
  3 jackals (D:1)
  4 quokkas
  5 ball pythons
  6 bats
  2 goblin zombies (D:10)
  2 hobgoblin zombies (D:10)
  4 kobolds
  4 orc skeletons (D:10)
  15 orc zombies (D:10)
  7 rats
621 creatures vanquished.

Vanquished Creatures (others)
  An ugly thing (IceCv)
  A naga mage (Snake:2)
  A naga (Snake:2)
  29 fungi
  84 plants
116 creatures vanquished.

Grand Total: 737 creatures vanquished

Notes
Turn   | Place    | Note
-------+----------+-------------------------------------------
     0 | D:1      | Twinkles the Troll Gladiator began the quest for the Orb.
     0 | D:1      | Reached XP level 1. HP: 19/19 MP: 0/0
    77 | D:1      | Reached XP level 2. HP: 28/28 MP: 1/1
    84 | D:1      | Found Raufeh's Distillery.
   852 | D:2      | Reached XP level 3. HP: 30/35 MP: 2/2
  1466 | D:3      | Noticed Grinder
  1470 | D:3      | Paralysed by Grinder for 3 turns
  1542 | D:3      | Reached XP level 4. HP: 42/42 MP: 3/3
  1552 | D:3      | Found a faded altar of an unknown god.
  1608 | D:3      | Noticed an ogre
  1616 | D:3      | Killed an ogre
  1617 | D:3      | Reached XP level 5. HP: 19/50 MP: 4/4
  1699 | D:3      | Found a runed translucent gate.
  1699 | D:3      | Found a runed translucent gate.
  1699 | D:3      | Found a runed translucent gate.
  1700 | D:3      | Found an opulent altar of Gozag.
  1706 | D:3      | Reached skill level 4 in Unarmed Combat
  1801 | D:3      | Killed Grinder
  1802 | D:3      | Reached XP level 6. HP: 61/61 MP: 5/5
  1925 | D:3      | Noticed brightshaft's ghost (weakling DgGl)
  2490 | D:4      | Reached XP level 7. HP: 67/67 MP: 6/6
  2697 | D:4      | Found a blossoming altar of Fedhas.
  2750 | D:4      | Noticed Robin
  2762 | D:3      | Reached skill level 5 in Unarmed Combat
  2765 | D:3      | Killed Robin
  2794 | D:4      | Became a worshipper of Fedhas Madash
  3195 | D:5      | Entered Level 5 of the Dungeon
  3196 | D:5      | Found a staircase to the Ecumenical Temple.
  3207 | Temple   | Entered the Ecumenical Temple
  3829 | D:5      | Found a stormy altar of Qazlal.
  3942 | D:5      | Reached XP level 8. HP: 78/78 MP: 7/7
  4127 | D:6      | Reached skill level 6 in Unarmed Combat
  4225 | D:6      | Reached * piety under Fedhas
  4244 | D:6      | Reached skill level 5 in Throwing
  4244 | D:6      | Reached skill level 5 in Dodging
  4254 | D:6      | Reached skill level 7 in Unarmed Combat
  4380 | D:6      | Noticed Prince Ribbit
  4450 | D:6      | Killed Prince Ribbit
  4595 | D:6      | Noticed Pikel
  4607 | D:6      | Killed Pikel
  4608 | D:6      | Reached skill level 5 in Fighting
  4608 | D:6      | Reached XP level 9. HP: 86/88 MP: 8/8
  4634 | D:6      | Noticed Maggie
  4648 | D:6      | Killed Maggie
  4649 | D:6      | Reached skill level 8 in Unarmed Combat
  4752 | D:6      | Found a shadowy altar of Dithmenos.
  4753 | D:6      | Found a burning altar of Makhleb.
  4763 | D:6      | Found a hazy altar of Hepliaklqana.
  5395 | D:7      | Reached ** piety under Fedhas
  5522 | D:7      | Noticed Joseph
  5535 | D:7      | Killed Joseph
  5536 | D:7      | Reached skill level 9 in Unarmed Combat
  5627 | D:8      | Found a flagged portal.
  5665 | D:7      | Reached XP level 10. HP: 47/98 MP: 9/9
  5818 | Bailey   | Entered a bailey
  5985 | Bailey   | Reached *** piety under Fedhas
  6440 | Bailey   | Identified the +8 spear "Bulygum" {flame, rF- rCorr Str+5}
  6678 | Bailey   | Reached skill level 11 in Unarmed Combat
  6678 | Bailey   | Reached XP level 11. HP: 109/109 MP: 10/10
  6784 | Bailey   | Noticed an orc warlord
  6816 | Bailey   | Killed an orc warlord
  6936 | D:8      | Reached **** piety under Fedhas
  7882 | D:9      | Found a runed translucent gate.
  7883 | D:9      | Found a runed translucent gate.
  7883 | D:9      | Found a runed translucent gate.
  7884 | D:9      | Noticed avis's ghost (novice DgHu)
  7884 | D:9      | Noticed Newt's ghost (journeyman DsGl)
  7885 | D:9      | Noticed Taurus's ghost (novice MiFi)
  7885 | D:9      | Noticed billz999's ghost (journeyman DjIE)
  8075 | D:9      | Reached skill level 12 in Unarmed Combat
  8509 | D:10     | Entered Level 10 of the Dungeon
  8899 | D:10     | Noticed Erica
  9008 | D:10     | Paralysed by Erica for 4 turns
  9029 | D:10     | Killed Erica
  9029 | D:10     | Reached ***** piety under Fedhas
  9132 | D:10     | Found a staircase to the Orcish Mines.
  9214 | D:10     | Found a staircase to the Lair.
  9216 | D:10     | Reached XP level 12. HP: 119/119 MP: 11/11
 10048 | Lair:1   | Entered Level 1 of the Lair of Beasts
 10108 | Lair:1   | Reached skill level 13 in Unarmed Combat
 10903 | Lair:1   | Reached skill level 14 in Unarmed Combat
 11116 | Lair:2   | Noticed a boulder beetle
 11144 | Lair:2   | Killed a boulder beetle
 11349 | Lair:2   | Noticed a four-headed hydra
 11352 | Lair:2   | Killed a four-headed hydra
 11643 | Lair:2   | Reached ****** piety under Fedhas
 11701 | Lair:2   | Reached XP level 13. HP: 125/131 MP: 12/12
 11988 | Lair:3   | Found a staircase to the Snake Pit.
 12192 | Lair:3   | Reached skill level 15 in Unarmed Combat
 12269 | Lair:3   | Found a staircase to the Swamp.
 12283 | Lair:3   | HP: 33/131 [swamp worm (12)]
 12295 | Lair:3   | HP: 33/131 [swamp worm/harpoon shot (2)]
 13250 | Lair:4   | Noticed xzight's ghost (journeyman DEFE)
 13441 | Lair:4   | Reached skill level 1 in Shields
 13456 | Lair:4   | HP: 36/132 [elephant (14)]
 13460 | Lair:4   | HP: 16/132 [elephant (7)]
 13851 | Lair:4   | Found a runed translucent gate.
 13851 | Lair:4   | Found a runed translucent gate.
 13852 | Lair:4   | Found a runed translucent gate.
 14201 | Lair:5   | Entered Level 5 of the Lair of Beasts
 14364 | Lair:5   | Reached skill level 10 in Fighting
 14805 | Lair:5   | Found a staircase to the Slime Pits.
 15315 | Lair:5   | Reached skill level 5 in Shields
 15315 | Lair:5   | Reached XP level 14. HP: 109/143 MP: 13/13
 15612 | Slime:1  | Entered Level 1 of the Pits of Slime
 15612 | Slime:1  | Noticed an acid blob
 17653 | D:13     | Found a frozen archway.
 17669 | IceCv    | Entered an ice cave
 17691 | IceCv    | Found a transporter.
 17703 | IceCv    | Found a transporter.
 18121 | D:13     | Found a glowing silver altar of Zin.
 18721 | D:14     | Upgraded the game from 0.30-a0-568-g124715a40b to
                  | 0.30-a0-571-gdf30a72648
 18893 | D:14     | Noticed Lodul
 18931 | D:14     | Killed Lodul
 19037 | D:13     | Reached skill level 16 in Unarmed Combat
 19349 | D:14     | Reached skill level 10 in Throwing
 19615 | D:14     | Found a gate to the Vaults.
 19852 | D:14     | HP: 42/146 [meliai/divine providence (7)]
 20048 | D:15     | Entered Level 15 of the Dungeon
 20105 | D:15     | Noticed a brown very ugly thing
 20131 | D:15     | Killed a red very ugly thing
 20132 | D:15     | Reached XP level 15. HP: 152/154 MP: 14/14
 20285 | D:15     | HP: 39/154 [death knight/+0 broad axe (15)]
 20290 | D:15     | HP: 7/154 [death knight/+0 broad axe (21)]
 20296 | D:15     | HP: 43/154 [death knight/+0 broad axe (5)]
 20319 | D:15     | HP: 36/154 [??? (34)]
 21016 | D:15     | Found a staircase to the Depths.
 21417 | Snake:1  | Entered Level 1 of the Snake Pit
 21750 | Snake:1  | Found Zuagos's Antique Armour Emporium.
 21788 | Snake:1  | Found Roefalup's Armour Boutique.
 21793 | Snake:1  | Found Fiemin's Antique Weapon Shop.
 22111 | Snake:2  | Reached skill level 17 in Unarmed Combat
 22757 | Snake:2  | Reached skill level 1 in Armour
 22766 | Snake:2  | HP: 38/157 [guardian serpent/bolt of poison (12)]
 22771 | Snake:2  | HP: 29/157 [poisoned by a guardian serpent (bolt of
                  | poison)]
 22774 | Snake:2  | Slain by a naga warrior

Illustrated notes

Levels and vault maps discovered:
D:1:      psy_arrival_radial01, layout_loops_ring, serial_shops, shop,
          minmay_misc_feat_hallway
D:2:      layout_basic
D:3:      layout_loops_ring, ebering_ghost_gozag,
          shapermc_ecumenical_altar_ellora, nicolae_grassy_gnolls, uniq_grinder
D:4:      layout_basic, serial_glass, glass_columns_b, glass_columns_a,
          due_unseen_surprise, minmay_strange_pillars, minmay_ruined_shrine,
          uniq_robin
D:5:      layout_basic, nicolae_overflow_hidden_temple,
          minmay_temple_entry_large_hall
D:6:      layout_loops_cross, minitemple, uniq_pikel, uniq_prince_ribbit1,
          uniq_maggie
D:7:      layout_rooms, minmay_misc_feat_alley, uniq_joseph
D:8:      layout_rooms, enter_bailey_5
D:9:      layout_basic, gammafunk_ghost_cemetery
D:10:     layout_layer_cave, minmay_lair_entry_grove, zombieorc2_lemuel,
          kennysheep_boxes, uniq_erica
D:11:     layout_layer_cave
D:12:     layout_layer_cave
D:13:     layout_loops_ring, portal_ice_cave_rime,
          hangedman_abyss_or_decor_clamps, zin_academy
D:14:     minmay_stepped, layout_gridville, david_vaults_1, uniq_lodul
D:15:     gammafunk_enter_depths_forms, layout_irregular_city,
          hangedman_decor_riveting
Temple:   minmay_temple_bridge_d
Lair:1:   layout_roguey, minivault_27, beast_lair_carwin_7, lemuel_fruit_fields
Lair:2:   layout_cave_pods, chequers_serial_rivers_micro_b
Lair:3:   layout_small_grid, minmay_swamp_entry_worms, dummy_snake_entry
Lair:4:   layout_cave_pods, gammafunk_ghost_icy, grunt_megastairs_3
Lair:5:   evilmike_catoblepas_cave, layout_cave_pods, slime_entry_1
Snake:1:  layout_onion_interference, serial_shops, shop, lemuel_fruit_tree,
          minmay_shoptagon
Snake:2:  layout_onion_interference, nicolae_snake_snake_lake,
          hangedman_snake_corridor_cut
Slime:1:  layout_caves

Skill      XL: |  1  2  3  4  5  6  7  8  9 10 11 12 13 14 15 |
---------------+----------------------------------------------+-----
Throwing       | 2 3 4 5 6 7 8 10 | 10.1
Fighting       | 2 3 4 5 7 9 10 11 12 | 12.2
Dodging        | 3 4 5 6 7 8 9 |  9.8
Unarmed Combat | 4 5 7 9 11 12 14 15 16 17 | 17.2
Shields        | 5 7 9 |  9.1
Armour         | 1 |  1.3

Action                   |  1- 3 |  4- 6 |  7- 9 | 10-12 | 13-15 || total
-------------------------+-------+-------+-------+-------+-------++-------
Melee: Unarmed           |    97 |    61 |   244 |   531 |  1060 ||  1993
       Punch             |     3 |     2 |     6 |    44 |    38 ||    93
       Giant spiked club |       |       |       |    13 |     5 ||    18
Throw: Large rock        |     1 |       |     2 |       |    11 ||    14
       Dart              |       |       |     2 |     4 |     8 ||    14
       Throwing net      |       |       |     1 |     1 |       ||     2
       Boomerang         |       |       |       |    25 |       ||    25
Invok: Wall of Briars    |       |       |       |       |     2 ||     2
Evoke: Wand              |       |       |       |     2 |     1 ||     3
  Use: Scroll            |       |       |     9 |    11 |    13 ||    33
       Potion            |       |       |       |     1 |     3 ||     4
 Stab: Sleeping          |     1 |       |     1 |     1 |       ||     3
       Petrified         |       |       |       |       |     2 ||     2
Armor: Robe              |    26 |    20 |    47 |       |       ||    93
       Steam dragon scal |       |       |    47 |   184 |    94 ||   325
       Troll leather arm |       |       |       |       |   246 ||   246
       Fire dragon scale |       |       |       |       |    12 ||    12
Dodge: Dodged            |    38 |    32 |   110 |   234 |   431 ||   845
Block: Kite shield       |       |       |       |       |   317 ||   317

Table legend: (Time is in decaauts)
 A = Elapsed time spent in this place.
 B = Non-inter-level travel time spent in this place.
 C = Inter-level travel time spent in this place.
 D = Time resting spent in this place.
 E = Time spent auto-exploring this place.
 F = Levels seen in this place.
 G = Mean time per level.
                   A        B        C        D        E       F      G
               +--------+--------+--------+--------+--------+-----+--------+
         Total |  22479 |  20832 |   1647 |   1496 |  14068 |  26 |  864.6 |
       Dungeon |  14019 |  12915 |   1104 |    670 |   9305 |  15 |  934.6 |
        Temple |    232 |    224 |      8 |      0 |    213 |   1 |  232.0 |
          Lair |   5756 |   5305 |    451 |    440 |   3763 |   5 | 1151.2 |
     Snake Pit |   1242 |   1159 |     83 |     52 |    711 |   2 |  621.0 |
    Slime Pits |      1 |      1 |      0 |      0 |      0 |   1 |    1.0 |
        Bailey |   1062 |   1062 |      0 |    324 |     45 |   1 | 1062.0 |
      Ice Cave |    164 |    164 |      0 |     10 |     30 |   1 |  164.0 |
               +--------+--------+--------+--------+--------+-----+--------+

Top non-repeatable levels by time:
    D:10: 1571 daAuts
  Lair:5: 1403 daAuts
    D:14: 1304 daAuts
  Lair:4: 1274 daAuts
    D:15: 1163 daAuts
    D:12: 1110 daAuts
     D:9: 1104 daAuts
  Lair:3: 1090 daAuts
  Lair:1: 1088 daAuts
     D:6: 1078 daAuts
  Bailey: 1062 daAuts
    D:13: 981 daAuts
  Lair:2: 898 daAuts
     D:3: 868 daAuts
     D:2: 830 daAuts
